 Dungeon Crawl Stone Soup version 0.20-a0-870-g4070442 (console) character file.

1320 hittembot the Chopper (level 8, -5/68 HPs)
             Began as a Minotaur Fighter on Mar 13, 2017.
             Slain by an ice beast (11 damage)
             ... on level 5 of the Dungeon.
             The game lasted 00:02:40 (4965 turns).

hittembot the Chopper (Minotaur Fighter)            Turns: 4965, Time: 00:02:40

Health: -5/68      AC:  7    Str: 23    XL:     8   Next: 33%
Magic:  7/7        EV:  9    Int:  5    God:
Gold:   221        SH: 11    Dex: 10    Spells: 7/7 levels left

rFire    . . .     SeeInvis .   a - +0 war axe
rCold    . . .     Gourm    .   b - +0 scale mail
rNeg     . . .     Faith    .   c - +0 shield
rPois    .         Spirit   .   (helmet restricted)
rElec    .         Reflect  .   (no cloak)
rCorr    .         Harm     .   (no gloves)
MR       .....                  (no boots)
Stlth    ..........             (no amulet)
Regen    0.3/turn               (no ring)
MPRegen  0.1/turn               (no ring)

@: no status effects
A: retaliatory headbutt, horns 2
a: no special abilities


You were on level 5 of the Dungeon.
You were hungry.

You visited 1 branch of the dungeon, and saw 5 of its levels.

You collected 221 gold pieces.

Inventory:

Hand Weapons
 a - a +0 war axe (weapon)
Armour
 b - a +0 scale mail (worn)
 c - a +0 shield (worn)
Jewellery
 A - a +3 ring of intelligence {unknown}
Wands
 s - a wand of digging (19/24)
Scrolls
 e - a scroll of immolation {unknown}
 h - 4 scrolls of remove curse {unknown}
 i - 5 scrolls of identify {unknown}
 k - 2 scrolls of recharging {unknown}
 n - 4 scrolls of teleportation {unknown}
 o - a scroll of enchant armour {unknown}
 t - a scroll of fog {unknown}
 u - a scroll of blinking {unknown}
 v - a scroll of fear {unknown}
 x - a scroll of amnesia {unknown}
 y - a scroll of magic mapping {unknown}
Potions
 d - 2 potions of might
 g - 3 potions of brilliance {unknown}
 j - 4 potions of degeneration {unknown}
 m - 4 potions of curing {unknown}
 p - a potion of resistance
 r - 2 potions of flight {unknown}
 w - 2 potions of heal wounds
 z - a potion of lignification {unknown}
Comestibles
 l - a royal jelly
 q - a meat ration


   Skills:
 + Level 5.1 Fighting
 + Level 7.4 Axes
 + Level 6.5 Armour
 + Level 2.7 Dodging
 + Level 1.2 Stealth
 + Level 7.2 Shields


You had 7 spell levels left.
You didn't know any spells.

Dungeon Overview and Level Annotations

Branches:
Dungeon (5/15)
 Temple: D:4-7

Altars:
Cheibriados
Hepliaklqana
Okawaru
Sif Muna
Yredelemnul

Annotations:
D:2 1 runed door
D:4 1 runed door


Innate Abilities, Weirdness & Mutations

You reflexively headbutt those who attack you in melee.
You have a pair of horns on your head.


Message History

The orc wizard casts a spell at you. The magic dart hits you!
You slash the orc wizard!
You kill the orc wizard!
An ice beast comes into view.
The ice beast hits you but does no damage.
An orc priest comes into view. It is wielding a hand axe.
The orc priest shouts!
You hit the ice beast but do no damage. You headbutt the ice beast!
The ice beast is moderately wounded.
You block the ice beast's attack.
You hit the ice beast. Your headbutt misses the ice beast.
The ice beast is heavily wounded.
The ice beast barely misses you.
You barely miss the ice beast.
The ice beast is heavily wounded.
The ice beast hits you.
* * * LOW HITPOINT WARNING * * *
The ice beast freezes you!
You die...

#. #...# #. #...# ### .##.##.
#...######...
......)####..........#
#.#.#.((...?....#..#..
#.....................
###.#......†....#
#.#####....#)###..##### #.#
#....).@Yo....... ##
#.....#.#######.#
#####.....#.# ####.####
#.....)(.##.# #.......#
#.###.......# #.##.##.####
#.#####.# #.##.......##
###.###.......# #.#####.##<..
#.......##########....†..#####
#.#.###.#####......#######


You could see an ice beast and an orc priest.

Vanquished Creatures
  The ghost of hittembot the Shield-Bearer, an amateur MiFi (D:5)
  Eustachio (D:5)
  A necrophage (D:5)
  The ghost of PeterMcNeter the Slasher, an amateur DsFi (D:3)
  A centaur (D:5)
  The ghost of Tungsten the Insei, an amateur OpTm (D:4)
  A water moccasin zombie (D:5)
  A scorpion (D:4)
  A howler monkey (D:5)
  A crimson imp (D:5)
  An orc priest (D:4)
  2 hounds
  2 orc wizards
  Ijyb (D:3)
  An iguana (D:5)
  Natasha (thrice) (D:3)
  2 worker ants
  5 adders
  2 oozes
  An adder skeleton (D:5)
  2 dart slugs (D:1)
  6 leopard geckos
  8 orcs
  3 ball pythons
  3 giant cockroaches
  6 goblins
  13 hobgoblins
  4 jackals
  2 quokkas
  4 bats
  6 frilled lizards
  A jackal skeleton (D:4)
  9 kobolds
  A kobold skeleton (D:2)
  A quokka skeleton (D:4)
  3 rats
102 creatures vanquished.

Notes
Turn   | Place    | Note
-------+----------+-------------------------------------------
     0 | D:1      | hittembot the Minotaur Fighter began the quest for the Orb.
     0 | D:1      | Reached XP level 1. HP: 19/19 MP: 0/0
    91 | D:1      | Reached XP level 2. HP: 26/26 MP: 1/1
   709 | D:2      | Reached XP level 3. HP: 26/33 MP: 2/2
  1061 | D:2      | Found a runed door.
  1061 | D:2      | Found a basalt altar of Yredelemnul.
  1061 | D:2      | Noticed a human
  1079 | D:2      | Found a hazy altar of Hepliaklqana.
  1426 | D:2      | Reached XP level 4. HP: 36/40 MP: 3/3
  1519 | D:3      | Noticed PeterMcNeter's ghost (amateur DsFi)
  1533 | D:3      | Killed PeterMcNeter's ghost
  1533 | D:3      | Reached skill level 1 in Dodging
  1533 | D:3      | Reached skill level 5 in Shields
  1533 | D:3      | Reached XP level 5. HP: 3/46 MP: 4/4
  1967 | D:3      | Noticed Ijyb
  1984 | D:3      | Killed Ijyb
  2175 | D:3      | Found an iron altar of Okawaru.
  2403 | D:3      | Noticed Natasha
  2410 | D:3      | Killed Natasha
  2410 | D:3      | Reached skill level 5 in Armour
  2534 | D:3      | Noticed Natasha
  2554 | D:3      | Killed Natasha
  2554 | D:3      | Reached XP level 6. HP: 24/52 MP: 5/5
  2608 | D:3      | Noticed Natasha
  2622 | D:3      | Killed Natasha
  3184 | D:4      | Noticed Tungsten's ghost (amateur OpTm)
  3196 | D:4      | Killed Tungsten's ghost
  3354 | D:4      | Found a snail-covered altar of Cheibriados.
  3358 | D:4      | Found a deep blue altar of Sif Muna.
  3412 | D:4      | Reached skill level 5 in Axes
  3584 | D:4      | Reached XP level 7. HP: 20/60 MP: 6/6
  3953 | D:4      | Found a runed door.
  4342 | D:5      | Entered Level 5 of the Dungeon
  4413 | D:5      | Noticed Eustachio
  4423 | D:5      | Killed Eustachio
  4564 | D:5      | Noticed hittembot's ghost (amateur MiFi)
  4567 | D:5      | Reached skill level 1 in Stealth
  4584 | D:5      | Killed hittembot's ghost
  4584 | D:5      | Reached skill level 5 in Fighting
  4584 | D:5      | Reached XP level 8. HP: 6/68 MP: 7/7
  4965 | D:5      | Slain by an ice beast

Vault maps used:
D:1:      elethiomel_arrival_infinity_welcomes_careful_drivers
D:2:      lemuel_crystal_altar, grunt_ministairs_6, dk_yredelemnul_ordeal
D:3:      old_standard_altar, uniq_natasha, uniq_iyjb
D:4:      minitemple, minmay_crystal_room, uniq_crazy_yiuf_cottage
D:5:      first_bread, uniq_eustachio

Skill      XL: |  1  2  3  4  5  6  7  8 |
---------------+-------------------------+-----
Armour         | 4 5 6 |  6.5
Shields        | 4 5 6 7 |  7.2
Axes           | 3 4 5 7 |  7.4
Dodging        | 1 2 |  2.7
Fighting       | 4 5 |  5.1
Stealth        | 1 |  1.2

Action                   |  1- 3 |  4- 6 |  7- 9 || total
-------------------------+-------+-------+-------++-------
Melee: War axe           |    90 |   156 |    95 ||   341
       Headbutt          |    12 |    24 |    17 ||    53
  Eat: Chunk             |     2 |     4 |     2 ||     8
       Bread ration      |       |     1 |       ||     1
Armor: Scale mail        |    37 |    45 |    30 ||   112
Dodge: Dodged            |    28 |    61 |    25 ||   114
Block: Shield            |    55 |    82 |    56 ||   193
